 Dungeon Crawl Stone Soup version 0.17-a0-477-g451446c (webtiles) character file.

391 Radiman the Chopper (level 6, -1/51 HPs)
             Began as a Centaur Fighter on Apr 7, 2015.
             Slain by a gnoll
             ... wielding a +0 halberd
              (5 damage)
             ... on level 4 of the Dungeon.
             The game lasted 00:10:57 (2860 turns).

Radiman the Chopper (Centaur Fighter)               Turns: 2860, Time: 00:10:57

Health: -1/51      AC: 10    Str: 19    XL:     6   Next: 50%
Magic:  6/6        EV:  3    Int:  7    God:
Gold:   206        SH:  8    Dex: 10    Spells: 0 memorised, 5 levels left

rFire  . . .     SeeInvis .     a - +0 war axe
rCold  . . .     Clarity  .     u - +0 storm dragon armour
rNeg   . . .     SustAb   .     c - +0 shield
rPois  .         Gourm    .     (no helmet)
rElec  +         Spirit   .     (no cloak)
rCorr  .         Warding  .     b - +0 pair of gloves {archery}
rMut   .         Stasis   .     (no barding)
MR     .....                    (no amulet)
Stlth  ..........               (no ring)
                                (no ring)

@: very quick, not resistant to hostile enchantments, extremely unstealthy
A: hooves 3, deformed body, speed 2, tough skin 3
a: no special abilities


You were on level 4 of the Dungeon.
You were not hungry.

You visited 1 branch of the dungeon, and saw 4 of its levels.

You collected 206 gold pieces.

Inventory:

Hand weapons
 a - a +0 war axe (weapon)
Missiles
 y - 14 poisoned needles
Armour
 b - a +0 pair of gloves of archery (worn)
 c - a +0 shield (worn)
 u - a +0 storm dragon armour (worn)
Scrolls
 g - 6 scrolls of identify {unknown}
 i - 2 scrolls of teleportation {unknown}
 j - 2 scrolls of amnesia {unknown}
 m - a scroll of fear {unknown}
 o - a scroll of recharging {unknown}
 p - a scroll of noise {unknown}
 t - a scroll of enchant armour {unknown}
 w - a scroll of random uselessness {unknown}
 x - a scroll of fog {unknown}
Potions
 e - a potion of might
 l - a potion of curing {unknown}
 n - 2 potions of heal wounds {unknown}
 q - a potion of agility {unknown}
 r - a potion of cure mutation {unknown}
 v - a potion of berserk rage {unknown}
Comestibles
 d - 3 bread rations
 f - 3 beef jerkies
 h - a meat ration
 k - 4 chunks of flesh
 s - 4 fruits


   Skills:
 - Level 3.0 Fighting
 * Level 6.4 Axes
 - Level 2.1 Armour
 - Level 2.1 Shields


You had 5 spell levels left.
You didn't know any spells.

Dungeon Overview and Level Annotations

Branches:
Dungeon (4/15)
 Temple: D:4-7

Altars:
Dithmenos
Kikubaaqudgha


Innate Abilities, Weirdness & Mutations

You have hooves in place of feet.
Armour fits poorly on your strangely shaped body.
You cover ground very quickly.
You have extremely tough skin (AC +3).


Message History

Your kick misses the gnoll.
The gnoll is lightly wounded.
The gnoll hits you but does no damage.
Your shield and storm dragon armour prevent you from hitting the gnoll.
You kick the gnoll.
The gnoll is moderately wounded.
You block the gnoll's attack.
You hit the gnoll. Your kick misses the gnoll.
The gnoll is severely wounded.
The gnoll hits you with a halberd.
* * * LOW HITPOINT WARNING * * *
Your storm dragon armour prevents you from hitting the gnoll.
The gnoll is severely wounded.
The gnoll hits you with a halberd.
* * * LOW HITPOINT WARNING * * *
Your shield and storm dragon armour prevent you from hitting the gnoll.
You kick the gnoll.
The gnoll is almost dead.
The gnoll hits you with a halberd.
You die...

.#.......##.#
...###......#
...###.#....##
.............##
....).<.......##
..###..........#
.#.............#
...###........####
.### ##.......))@#
.##
#.....####g.......(
..#
##.#...######...#?#
...# #..........#
#..# ...#
#..........# ....
...# #..........#
... ..##
#..........### .
### #............#
#......####''####


You could see a gnoll.

Vanquished Creatures
  A phantom (D:4)
  A gnoll shaman (D:4)
  An orc wizard (D:3)
  Terence (D:3)
  2 worker ants (D:4)
  An adder (D:3)
  8 gnolls
  3 worms
  A giant gecko (D:3)
  An ooze (D:2)
  4 orcs
  7 giant cockroaches
  6 goblins
  7 hobgoblins
  8 kobolds
  2 quokkas (D:2)
  9 bats
  3 giant newts
  8 rats
74 creatures vanquished.

Notes
Turn   | Place    | Note
--------------------------------------------------------------
     0 | D:1      | Radiman, the Centaur Fighter, began the quest for the Orb.
     0 | D:1      | Reached XP level 1. HP: 19/19 MP: 1/1
   594 | D:2      | Reached XP level 2. HP: 20/26 MP: 2/2
  1014 | D:2      | Reached XP level 3. HP: 27/31 MP: 3/3
  1079 | D:2      | Found a shadowy altar of Dithmenos.
  1197 | D:2      | Reached XP level 4. HP: 30/38 MP: 4/4
  1293 | D:2      | Reached skill level 4 in Axes
  1397 | D:3      | Noticed Terence
  1412 | D:3      | Killed Terence
  1658 | D:3      | Found an ancient bone altar of Kikubaaqudgha.
  1691 | D:3      | Reached XP level 5. HP: 35/45 MP: 5/5
  1892 | D:3      | Reached skill level 5 in Axes
  2386 | D:4      | Noticed a phantom
  2634 | D:4      | Killed a phantom
  2634 | D:4      | Reached skill level 6 in Axes
  2634 | D:4      | Reached XP level 6. HP: 39/51 MP: 6/6
  2860 | D:4      | Slain by a gnoll

Action                   |  1- 3 |  4- 6 || total
-------------------------+-------+-------++-------
Melee: War axe           |   110 |   173 ||   283
  Eat: Chunk             |       |     5 ||     5
